 Dungeon Crawl Stone Soup version 0.29-a0-243-g602b31c20e (webtiles) character file.

Game seed: 13054690503836246620

242 spaghetti the Fighter (level 6, -2/74 HPs)
             Began as an Ogre Chaos Knight on Mar 4, 2022.
             Was a Plaything of Xom.
             Slain by Grinder (8 damage)
             ... while paralysed by Grinder
             ... on level 3 of the Dungeon.
             The game lasted 00:04:36 (3474 turns).

spaghetti the Fighter (Ogre Chaos Knight)           Turns: 3474, Time: 00:04:37

Health: -2/74      AC:  5    Str: 17    XL:     6   Next: 9%
Magic:  6/6        EV:  1    Int: 15    God:    Xom [.....*]
Gold:   84         SH:  0    Dex:  8    Spells: 5/5 levels left

rFire   . . .      SeeInvis +   h - +1 dagger (venom) {short}
rCold   . . .      Faith    .   (no shield)
rNeg    . . .      Spirit   .   a - +2 robe
rPois   .          Reflect  .   (helmet restricted)
rElec   .          Harm     .   (no cloak)
rCorr   .          Rampage  .   (gloves unavailable)
Will    .....                   (boots unavailable)
Stlth   +.........              (no amulet)
HPRegen 0.22/turn               m - ring of see invisible
MPRegen 0.10/turn               (no ring)

@: paralysed
A: large, unfitting armour, tough skin 1
a: Renounce Religion


You were on level 3 of the Dungeon.
You worshipped Xom.
You were Xom's teddy bear.
You visited 1 branch of the dungeon, and saw 3 of its levels.

You collected 126 gold pieces.
You spent 42 gold pieces at shops.


Innate Abilities, Weirdness & Mutations

You are too large for most types of armour.
You have tough skin. (AC +1)


   Skills:
 + Level 8.7 Fighting
 - Level 2.1 Dodging
 - Level 2.6 Unarmed Combat


You had 5 spell levels left.
You didn't know any spells.
Your spell library contained the following spells:

 Spells                   Type           Power      Damage    Failure   Level
 Sandblast                Erth           0%         2d4       26%         1
 Passwall                 Tmut/Erth      0%         N/A       38%         2
 Scorch                   Fire           0%         2d5       38%         2
 Stone Arrow              Conj/Erth      0%         3d7       63%         3
 Flame Wave               Conj/Fire      0%         2d4       95%         4
 Summon Cactus Giant      Summ           0%         N/A       100%        6

Inventory:

Hand Weapons
 h - a +1 dagger of venom (weapon) {short}
   (You took it off a goblin on level 1 of the Dungeon)
Missiles
 c - 3 boomerangs (quivered) {throwing}
 g - 3 poisoned darts {throwing}
 i - 58 stones {throwing}
 n - 5 curare-tipped darts {=fthrowing}
Armour
 a - a +2 robe (worn)
Jewellery
 k - an amulet of the acrobat
   (You found it on level 2 of the Dungeon)
 m - a ring of see invisible (left hand)
   (You found it on level 2 of the Dungeon)
Scrolls
 d - a scroll of teleportation {@r4}
 e - a scroll of identify {unknown}
 f - a scroll of immolation {unknown}
 l - a scroll of fog {unknown}

Dungeon Overview and Level Annotations

Branches:
Dungeon (3/15)

Altars:

Shops:
D:2 (

Annotations:
D:3 Grinder, Natasha

...........)†........# .
..........÷........#.# #.
..........÷))......#.# ##
...................# ...#
##.#.#.##..........# ...#
#.....#.....####### ....#
.....##.....########.....
...###......##.........
......k5@......##.....
≈≈.##########.....#
#.....# #.....# ##
#.##.## ##. #÷#...#####..
#...#.......#
#.#...#####.. #.##.## ##.


You could see Grinder (very poisoned, ally target) and a friendly lindwurm
(summoned).


Message History

You now have 74 max hp (+8).
Your mp is fully restored (6).
You start resting.
Your butterfly disappears in a puff of smoke! x7
Your white imp says, "Uh-oh!
Wait.
OK." "Let's go for a ride!"
Your surroundings seem slightly different.
Your surroundings suddenly seem different. 3 gnolls come into view.
Your surroundings suddenly seem different.
Your surroundings suddenly seem different.
Your surroundings suddenly seem different.
Natasha, Servant of Life and Death comes into view.
Your surroundings suddenly seem different.
Your surroundings suddenly seem different.
The gnoll moves out of view. x3; Natasha moves out of view. 😨 HP[+16]
You regained 16 hp, and now have 37/74 hp.
Unknown command.
Unknown command.
You start resting.
Your white imp disappears in a puff of smoke!
Grinder is nearby! 😕 HP[+31]
You regained 31 hp, and now have 68/74 hp.
Grinder is nearby! 😕 HP[+1] Grinder says, "Make like a tree!"
Grinder blinks!
You hit Grinder but do no damage.
Grinder is poisoned.
Grinder says, "I used to sell toenails on the black market."
Grinder closely misses you. 😕 HP[+1]
You hit Grinder but do no damage. Grinder hits you but does no damage.
You barely miss Grinder. Grinder hits you but does no damage.
You hit Grinder.
Grinder blinks! 😕 HP[+1] Grinder hits you.
You writhe in agony. 😕 HP[-9]
You take 9 damage, and now have 62/74 hp.
You hit Grinder but do no damage. Grinder hits you but does no damage.
You hit Grinder. Grinder hits you.
You writhe in agony. 😮 HP[-10]
You take 10 damage, and now have 52/74 hp.
You are too injured to fight recklessly!
You are too injured to fight recklessly!
You are too injured to fight recklessly!
You are too injured to fight recklessly!
You are too injured to fight recklessly!
You are too injured to fight recklessly!
You are too injured to fight recklessly!
You are too injured to fight recklessly!
You are too injured to fight recklessly!
You are too injured to fight recklessly!
You are too injured to fight recklessly!
You are too injured to fight recklessly!
You are too injured to fight recklessly!
You are too injured to fight recklessly!
You are too injured to fight recklessly!
You are too injured to fight recklessly!
You are too injured to fight recklessly!
You are too injured to fight recklessly!
You hit Grinder but do no damage. Grinder completely misses you.
You hit Grinder but do no damage. Grinder gestures at you.
Pain shoots through your body! 😮 HP[-5]
You take 5 damage, and now have 47/74 hp.
You closely miss Grinder. Grinder hits you but does no damage.
You hit Grinder but do no damage.
Grinder looks even sicker.
Grinder hits you.
You writhe in agony. 😮 HP[-5]
You take 5 damage, and now have 42/74 hp.
You hit Grinder but do no damage.
Grinder looks as sick as possible!
You punch Grinder.
Grinder drinks a potion.
Grinder is healed!
You hit Grinder.
Grinder looks as sick as possible!
Grinder hits you!
* * * LOW HITPOINT WARNING * * *
😨 HP[-8]
You take 8 damage, and now have 34/74 hp.
You hit Grinder but do no damage. Grinder gestures at you.
You suddenly lose the ability to move!
Grinder hits you.
* * * LOW HITPOINT WARNING * * *
You writhe in agony.
* * * LOW HITPOINT WARNING * * *
Xom guffaws.
You summon a lindwurm!
Grinder hits you!
* * * LOW HITPOINT WARNING * * *
You writhe in agony.
* * * LOW HITPOINT WARNING * * *
Grinder hits you!
* * * LOW HITPOINT WARNING * * *
You writhe in agony.
* * * LOW HITPOINT WARNING * * *
Your lindwurm bites Grinder!!
Your lindwurm barely misses Grinder. x2
Grinder hits you!
You die... "It was about time."

Skill      XL: |  1  2  3  4  5 |
---------------+----------------+-----
Fighting       | 5 6 7 8 |  8.7
Dodging        | |  2.1
Unarmed Combat | |  2.6

Action                   |  1- 3 |  4- 6 || total
-------------------------+-------+-------++-------
Melee: Unarmed           |    60 |       ||    60
       Dagger            |    80 |   142 ||   222
       Punch             |     3 |     3 ||     6
  Use: Scroll            |     1 |     1 ||     2
       Potion            |       |     2 ||     2
 Stab: Sleeping          |     1 |     1 ||     2
Armor: Robe              |    68 |    88 ||   156
Dodge: Dodged            |    68 |    97 ||   165

Levels and vault maps discovered:
D:1:      sevenhm_arrival_forest_fort_large_4, layout_loops_ring
D:2:      layout_basic, serial_shops, shop, minmay_distorted
D:3:      layout_rooms, gammafunk_ghost_nasty_kobolds,
          shapermc_ecumenical_altar_venn, minmay_misc_feat_tower,
          minmay_misc_feat_tiny, kennysheep_nub, chequers_serial_rivers_micro_d,
          uniq_natasha, uniq_terence, uniq_grinder

Notes
Turn   | Place    | Note
-------+----------+-------------------------------------------
     0 | D:1      | spaghetti the Ogre Chaos Knight began the quest for the
                  | Orb.
     0 | D:1      | Reached XP level 1. HP: 24/24 MP: 1/1
     0 | D:1      | magus.rc [v1.9.6]
    76 | D:1      | XOM: potion effect (curing)
    85 | D:1      | XOM: potion effect (heal wounds)
    91 | D:1      | Reached XP level 2. HP: 28/33 MP: 2/2
   198 | D:1      | You pick up a book of Geomancy and begin reading...
   198 | D:1      | You add the spells Sandblast, Passwall and Stone Arrow to
                  | your library.
   297 | D:1      | XOM: silly message
   302 | D:1      | Reached skill level 5 in Fighting
   742 | D:1      | Reached XP level 3. HP: 26/42 MP: 3/3
   861 | D:1      | You pick up a book of Scorching and begin reading...
   861 | D:1      | You add the spells Scorch, Flame Wave and Summon Cactus
                  | Giant to your library.
  1033 | D:1      | XOM: divination: magic mapping
  1496 | D:2      | XOM: noise
  1613 | D:2      | Found Tetuliekli's Weapon Boutique.
  1699 | D:2      | Bought 5 curare-tipped darts for 42 gold pieces
  1718 | D:2      | Reached skill level 6 in Fighting
  1742 | D:2      | XOM: noise
  2049 | D:2      | XOM is BORED!
  2195 | D:3      | Reached XP level 4. HP: 35/53 MP: 4/4
  2307 | D:3      | XOM: enchant monster (good)
  2315 | D:3      | Reached skill level 7 in Fighting
  2337 | D:3      | Reached XP level 5. HP: 22/62 MP: 5/5
  2439 | D:3      | XOM: 3-stop teleportation journey
  2443 | D:3      | Noticed Terence
  2663 | D:2      | Killed Terence
  2690 | D:2      | XOM: cloud trail
  2792 | D:2      | XOM: god gift: 19 stones
  2856 | D:3      | XOM: noise
  2863 | D:3      | Noticed Grinder
  2864 | D:3      | Found a faded altar of an unknown god.
  2868 | D:3      | Paralysed by Grinder for 3 turns
  3081 | D:3      | Reached skill level 8 in Fighting
  3116 | D:3      | XOM: enchant monster (bad)
  3125 | D:3      | XOM: summons friendly white imp
  3127 | D:3      | HP: 14/63 [orc wizard/magic dart (4)]
  3131 | D:3      | HP: 5/66 [orc/+0 hand axe (4)]
  3204 | D:3      | XOM: scenery: summon butterflies
  3226 | D:3      | Noticed Natasha
  3235 | D:3      | Killed Natasha
  3236 | D:3      | Reached XP level 6. HP: 21/74 MP: 6/6
  3306 | D:3      | Noticed Natasha
  3306 | D:3      | XOM: 7-stop teleportation journey
  3470 | D:3      | Paralysed by Grinder for 7 turns
  3472 | D:3      | XOM: cast spell 'Monstrous Menagerie'
  3472 | D:3      | HP: 16/74 [Grinder (6)]
  3473 | D:3      | HP: 5/74 [Grinder (4)]
  3474 | D:3      | Slain by Grinder

Vanquished Creatures
  An orc priest (D:3)
  Terence (D:2)
  2 orc wizards (D:3)
  4 adders
  2 worms (D:3)
  A dart slug (D:3)
  7 orcs (D:3)
  6 ball pythons
  10 bats
  7 endoplasms
  2 giant cockroaches
  5 goblins
  6 hobgoblins
  2 quokkas
  3 frilled lizards (D:1)
  4 rats
63 creatures vanquished.

Vanquished Creatures (collateral kills)
  Natasha (D:3)
  An orc (D:3)
2 creatures vanquished.

Grand Total: 65 creatures vanquished

Table legend:
 A = Non-vault XP
 B = Vault XP
 C = Vault XP percentage of total XP
 D = Non-vault monster count
 E = Vault monster count
 F = Vault count percentage of total count
                 A         B        C        D         E       F
            +---------+---------+-------+---------+---------+-------
      Total |     273 |      73 |  21.1 |      62 |       3 |   4.6
            +---------+---------+-------+---------+---------+-------
        D:1 |      37 |       0 |   0.0 |      22 |       0 |   0.0
        D:2 |      47 |      37 |  44.0 |      14 |       2 |  12.5
        D:3 |     189 |      36 |  16.0 |      26 |       1 |   3.7
            +---------+---------+-------+---------+---------+-------

Illustrated notes

Table legend:
 A = Kills in this place as a percentage of kills in entire the game.
 B = Kills by you in this place as a percentage of kills by you in the entire game.
 C = Kills by friends in this place as a percentage of kills by friends in the entire game.
 D = Other kills in this place as a percentage of other kills in the entire game.
 E = Experience gained in this place as a percentage of experience gained in the entire game.
 F = Experience gained in this place divided by the number of levels of this place that you have seen.
                   A       B       C       D       E      F
               +-------+-------+-------+-------+-------+----------------------
         Total | 100.0 | 100.0 | 100.0 |   N/A | 100.0 | 115.3
       Dungeon | 100.0 | 100.0 | 100.0 |   N/A | 100.0 | 115.3
               +-------+-------+-------+-------+-------+----------------------

Table legend: (Time is in decaauts)
 A = Elapsed time spent in this place.
 B = Non-inter-level travel time spent in this place.
 C = Inter-level travel time spent in this place.
 D = Time resting spent in this place.
 E = Time spent auto-exploring this place.
 F = Levels seen in this place.
 G = Mean time per level.
                   A        B        C        D        E       F      G
               +--------+--------+--------+--------+--------+-----+--------+
         Total |   3471 |   3449 |     22 |    736 |   2231 |   3 | 1157.0 |
       Dungeon |   3471 |   3449 |     22 |    736 |   2231 |   3 | 1157.0 |
               +--------+--------+--------+--------+--------+-----+--------+

Top non-repeatable levels by time:
     D:1: 1261 daAuts
     D:2: 1252 daAuts
     D:3: 957 daAuts
